Map: Berlingrad LE

Players

Warthog - Winner!

  • Race: Terran Terran
  • League: Master
  • Spawn Location: 11:00

Lico

  • Race: Zerg Zerg
  • League: Master
  • Spawn Location: 5:00

VOD

Have the link to the VOD?

Description

Time

  • Played on: Jan. 11, 2022, 9:33 p.m.
  • Length: 17:05
Show
View Real Time Build Order
Export as new Build Order

Warthog Terran - Winner!

Build Orders: Reaper Expand, Mech 

Get SALT Encoding   

  12  0:00  SCV  
  13  0:12  SCV  
  14  0:18  Supply Depot  
  14  0:24  SCV  
  15  0:39  SCV  
  15  0:40  Barracks  
  16  0:43  Refinery  
  16  0:51  SCV  
  17  1:03  SCV  
  18  1:15  SCV  
  19  1:27  Reaper  
  20  1:34  Orbital Command  
  20  1:40  Command Center  
  20  1:51  Supply Depot  
  20  1:59  SCV, Marine  
  22  2:09  Factory  
  22  2:12  SCV  
  23  2:18  Refinery  
  23  2:20  Barracks Reactor  
  23  2:24  SCV  
  24  2:30  Bunker  
  24  2:36  SCV  
  25  2:48  SCV  
  26  2:52  Factory Tech Lab  
  26  2:53  Orbital Command  
  26  2:57  Marine x2  
  28  3:04  SCV  
  29  3:11  Cyclone  
  31  3:16  Starport  
  31  3:17  SCV  
  32  3:20  SCV  
  33  3:27  Marine x2  
  33  3:29  SCV  
  33  3:32  SCV  
  37  3:46  SCV  
  38  3:50  SCV  
  39  3:59  SCV  
  39  4:02  Liberator  
  43  4:04  Command Center  
  43  4:11  SCV  
  43  4:12  SCV  
  45  4:17  Supply Depot  
  45  4:18  Supply Depot  
  45  4:24  Factory  
  45  4:25  SCV  
  45  4:26  Factory  
  46  4:39  SCV  
  46  4:42  SCV  
  46  4:44  Refinery  
  48  4:46  Refinery  
  48  4:49  Hellion x2  
  52  4:53  SCV  
  52  4:54  SCV  
  52  4:56  Liberator  
  57  5:01  Supply Depot  
  57  5:04  Supply Depot  
  57  5:05  SCV  
  57  5:07  SCV  
  59  5:11  Hellion  
  61  5:16  Hellion, Factory Tech Lab  
  61  5:18  SCV  
  61  5:19  Orbital Command  
  64  5:21  SCV  
  65  5:30  SCV  
  65  5:33  SCV  
  67  5:38  Hellion x2  
  67  5:42  SCV  
  72  5:43  Supply Depot  
  72  5:45  SCV  
  72  5:46  Infernal Pre-Igniter  
  73  5:50  Mag-Field Accelerator  
  73  6:01  SCV  
  73  6:02  Viking  
  73  6:03  SCV  
  78  6:13  SCV  
  78  6:15  SCV, Orbital Command  
  81  6:18  Cyclone, Hellion  
  81  6:19  Hellion  
  81  6:22  Factory  
  81  6:25  Refinery, SCV  
  87  6:27  SCV  
  87  6:28  Refinery  
  82  6:35  Hellion  
  82  6:37  SCV  
  82  6:38  Supply Depot  
  76  6:40  SCV, Hellion  
  76  6:45  Armory x2  
  76  6:47  Factory  
  76  6:49  SCV  
  77  6:55  SCV  
  77  6:56  Cyclone, Hellion x2  
  82  7:01  SCV  
  82  7:05  Starport Tech Lab  
  82  7:07  SCV  
  83  7:13  Supply Depot x2, SCV  
  82  7:17  Cyclone  
  82  7:19  SCV  
  84  7:25  SCV  
  84  7:28  Siege Tank, Factory Reactor  
  88  7:31  SCV  
  88  7:32  Orbital Command  
  88  7:38  SCV  
  88  7:43  SCV  
  90  7:45  Terran Vehicle And Ship Armor Level 1, Terran Vehicle Weapons Level 1  
  90  7:49  Cyclone  
  90  7:50  SCV  
  94  7:53  Refinery  
  94  7:55  SCV  
  94  7:58  Hellion x2  
  99  8:02  SCV x2  
  98  8:07  Cyclone, SCV, Hellion  
  98  8:08  Hellion  
  106  8:14  SCV x2  
  106  8:19  SCV  
  109  8:21  Siege Tank  
  109  8:26  SCV x2  
  114  8:28  Banshee  
  114  8:31  SCV  
  114  8:33  Command Center  
  118  8:35  Supply Depot  
  118  8:36  Supply Depot  
  118  8:37  Factory Tech Lab  
  118  8:38  SCV, Widow Mine x2  
  123  8:56  Thor  
  123  8:57  Siege Tank  
  130  9:05  Siege Tank  
  127  9:11  Banshee  
  130  9:17  Hellion x4  
  123  9:29  Siege Tank  
  126  9:34  SCV x2  
  126  9:37  Command Center, Siege Tank  
  131  9:39  Command Center  
  131  9:40  Siege Tank  
  131  9:41  Hellion x2  
  131  9:42  Hellion  
  131  9:45  Hellion  
  142  9:48  SCV  
  142  9:50  Factory  
  142  9:52  Factory  
  141  10:01  Siege Tank  
  141  10:02  Refinery, Hellion  
  141  10:03  Refinery  
  146  10:09  Engineering Bay, Terran Vehicle Weapons Level 2, Siege Tank  
  146  10:12  Siege Tank  
  152  10:26  Terran Vehicle And Ship Armor Level 2  
  152  10:33  Siege Tank  
  155  10:48  Supply Depot  
  155  10:49  Hellion x4, Siege Tank x2  
  169  10:50  Supply Depot  
  169  10:59  Missile Turret  
  169  11:01  Missile Turret x2  
  169  11:02  Refinery x2, Missile Turret  
  169  11:03  Missile Turret  
  169  11:04  Missile Turret x2  
  169  11:05  Siege Tank  
  169  11:06  Factory Tech Lab x2  
  169  11:10  Missile Turret  
  169  11:11  Orbital Command  
  163  11:21  Cyclone, Siege Tank  
  160  11:29  Missile Turret  
  159  11:37  Siege Tank x3  
  159  11:38  Refinery  
  160  11:43  Hellion x4  
  168  11:53  Siege Tank  
  171  11:56  Siege Tank  
  172  12:04  Hellion, Widow Mine x2  
  172  12:09  Siege Tank x2  
  172  12:10  Siege Tank  
  175  12:20  Hellion  
  156  12:23  Orbital Command  
  156  12:25  Hellion x2, Siege Tank  
  156  12:26  Hellion  
  156  12:28  Siege Tank  
  160  12:31  SCV  
  156  12:40  Refinery, Planetary Fortress  
  156  12:41  Cyclone x2, Hellion  
  156  12:42  Hellion  
  161  12:47  Hellion  
  161  12:56  Planetary Fortress  
  161  12:58  Cyclone  
  161  13:00  Cyclone  
  154  13:13  Hellion x2  
  154  13:14  Hellion x2, Siege Tank  
  165  13:26  Siege Tank x2  
  171  13:31  Hellion  
  171  13:32  Hellion  
  175  13:35  Hellion x2  
  175  13:39  Hellion x2  
  183  13:46  Cyclone  
  186  13:52  Cyclone  
  186  13:54  Hellion  
  187  13:57  Hellion  
  187  13:58  Hellion, Siege Tank  
  187  14:02  Siege Tank  
  194  14:15  Siege Tank  
  194  14:18  Siege Tank  
  194  14:21  Terran Vehicle Weapons Level 3  
  194  14:23  SCV  
  194  14:24  SCV, Siege Tank  
  200  14:33  Refinery  
  200  14:38  Refinery  
  173  14:54  Siege Tank x2  
  173  14:55  Cyclone, Hellion x2  
  180  15:00  Thor  
  186  15:07  Thor  
  190  15:29  Hellion x2  
  190  15:30  Thor  
  195  15:39  Command Center  
  176  15:53  Thor  
Show
View Real Time Build Order
Export as new Build Order

Lico Zerg 

Build Orders: Pool First, Lurkers 

Get SALT Encoding   

  12  0:01  Drone  
  13  0:09  Drone  
  14  0:18  Overlord  
  14  0:25  Drone, Extractor  
  15  0:37  Drone  
  15  0:38  Drone  
  17  0:45  Drone  
  18  0:52  Spawning Pool  
  18  0:55  Drone  
  18  1:03  Extractor  
  17  1:06  Drone  
  17  1:10  Extractor  
  18  1:18  Hatchery  
  18  1:19  Drone  
  18  1:27  Drone  
  19  1:39  Queen  
  19  1:40  Zergling x2  
  19  1:46  Roach Warren  
  21  1:49  Drone  
  22  2:00  Overlord  
  22  2:26  Roach x2  
  22  2:27  Hatchery  
  25  2:32  Roach  
  25  2:33  Roach  
  29  2:41  Roach  
  31  2:45  Drone  
  32  2:52  Drone  
  32  2:57  Drone x3  
  36  3:01  Overlord  
  36  3:12  Overlord  
  36  3:18  Overlord  
  35  3:20  Drone x2  
  35  3:26  Queen  
  39  3:28  Drone  
  39  3:32  Drone  
  41  3:34  Drone  
  41  3:36  Drone  
  41  3:39  Drone  
  44  3:42  Drone  
  44  3:43  Drone  
  44  3:47  Drone x2  
  46  3:51  Drone  
  45  3:57  Metabolic Boost  
  45  3:58  Drone  
  45  3:59  Drone  
  41  4:03  Zergling x2  
  41  4:04  Overlord  
  41  4:06  Drone  
  41  4:07  Drone  
  41  4:08  Drone  
  45  4:12  Queen  
  47  4:17  Zergling x2  
  47  4:18  Zergling x4  
  47  4:19  Zergling x2  
  51  4:25  Zergling x2  
  51  4:28  Zergling x2  
  51  4:30  Zergling x2  
  54  4:32  Overlord  
  54  4:38  Overlord  
  54  4:45  Drone x3  
  56  4:48  Drone x2  
  56  4:49  Drone x2  
  56  4:51  Hatchery  
  59  4:53  Drone  
  59  4:55  Drone  
  59  4:57  Drone  
  62  5:00  Spore Crawler, Drone  
  62  5:02  Spore Crawler  
  62  5:07  Spore Crawler, Drone x4  
  62  5:09  Drone  
  62  5:13  Drone  
  66  5:17  Drone  
  66  5:18  Drone  
  68  5:22  Hatchery  
  68  5:23  Drone  
  68  5:27  Overlord  
  68  5:29  Drone, Overlord  
  68  5:30  Drone x2  
  71  5:35  Evolution Chamber  
  71  5:37  Drone x4  
  74  5:44  Extractor  
  74  5:45  Extractor  
  74  5:46  Evolution Chamber  
  74  5:48  Drone x5  
  76  5:50  Extractor  
  76  5:51  Extractor  
  76  5:53  Zergling x4  
  76  5:54  Zergling x2  
  77  5:59  Zergling x6  
  77  6:02  Zerg Ground Armor Level 1  
  80  6:05  Drone x2  
  80  6:06  Spore Crawler  
  80  6:08  Zergling x4  
  80  6:10  Zergling x6  
  85  6:13  Zerg Melee Weapons Level 1  
  85  6:15  Roach x2  
  85  6:17  Roach  
  91  6:22  Drone  
  90  6:26  Roach x3  
  94  6:33  Drone  
  94  6:34  Drone x6  
  94  6:39  Drone x3  
  103  6:40  Drone x2  
  103  6:41  Drone  
  103  6:42  Spore Crawler, Drone  
  103  6:44  Queen  
  108  6:47  Drone  
  105  7:08  Overlord  
  104  7:09  Overlord  
  104  7:10  Overlord x2  
  104  7:12  Lair  
  104  7:15  Overlord  
  102  7:16  Evolution Chamber  
  102  7:19  Drone  
  102  7:21  Overlord x3  
  102  7:22  Overlord  
  98  7:23  Queen, Overlord  
  98  7:25  Burrow  
  98  7:28  Overlord  
  98  7:29  Roach x3  
  110  7:30  Roach x2  
  110  7:32  Roach x3  
  110  7:33  Queen  
  110  7:36  Roach, Extractor  
  110  7:37  Roach, Extractor  
  117  7:38  Spine Crawler  
  117  7:42  Roach  
  117  7:43  Roach, Spine Crawler  
  116  7:45  Roach  
  116  7:46  Drone x2  
  116  7:47  Drone  
  116  7:49  Roach x2  
  125  7:52  Roach x2  
  125  7:54  Roach  
  131  7:59  Roach x3  
  131  8:02  Drone x4  
  131  8:04  Drone x2  
  141  8:11  Roach  
  140  8:13  Roach x3  
  140  8:15  Roach  
  140  8:16  Roach x2  
  140  8:17  Overlord  
  140  8:19  Overlord  
  152  8:20  Glial Reconstitution  
  152  8:25  Infestation Pit, Roach  
  152  8:27  Roach x2  
  149  8:29  Roach  
  149  8:30  Roach  
  149  8:33  Queen  
  155  8:39  Roach x2  
  156  8:42  Roach  
  156  8:43  Roach  
  156  8:44  Roach x8  
  156  8:45  Roach x3  
  160  8:50  Roach  
  160  8:51  Roach x2  
  160  8:52  Roach x2  
  160  8:53  Overlord  
  160  8:54  Roach x2  
  172  8:57  Roach  
  172  8:59  Roach x7  
  172  9:05  Roach x3  
  172  9:07  Roach  
  171  9:14  Roach  
  171  9:15  Roach x2  
  165  9:20  Roach x3  
  165  9:21  Drone x4  
  169  9:25  Drone x2  
  169  9:26  Drone  
  169  9:27  Hydralisk Den, Hive, Extractor  
  169  9:28  Zerg Missile Weapons Level 1  
  169  9:30  Drone x2  
  160  9:32  Drone x6  
  160  9:35  Drone x2  
  160  9:37  Spore Crawler  
  165  9:39  Drone x2  
  165  9:42  Drone x2  
  169  9:47  Drone x3, Extractor  
  169  9:48  Drone x4  
  169  9:49  Extractor  
  170  10:00  Overlord  
  170  10:01  Drone x4  
  170  10:02  Drone x2  
  170  10:03  Muscular Augments  
  170  10:05  Lurker Den  
  175  10:08  Spire  
  175  10:09  Overlord  
  175  10:10  Spine Crawler, Zerg Ground Armor Level 2  
  173  10:14  Drone x2  
  173  10:15  Drone  
  173  10:19  Overlord  
  176  10:22  Overlord  
  176  10:23  Drone x2  
  176  10:24  Hydralisk x5, Overlord  
  176  10:25  Hydralisk  
  176  10:27  Hydralisk x3  
  196  10:32  Hydralisk  
  198  10:35  Overlord  
  198  10:37  Hydralisk, Overlord  
  198  10:41  Hydralisk  
  200  10:46  Overseer  
  200  10:47  Spore Crawler  
  199  10:52  Overlord  
  199  10:56  Pathogen Glands  
  199  10:57  Zerg Melee Weapons Level 2  
  199  11:02  Overlord  
  199  11:03  Spine Crawler  
  198  11:05  Roach x2  
  198  11:07  Overseer x2, Pneumatized Carapace  
  198  11:08  Hydralisk  
  198  11:10  Overlord  
  200  11:15  Grooved Spines  
  178  11:27  Hydralisk x5  
  174  11:33  Hydralisk x3  
  174  11:34  Hydralisk  
  174  11:36  Roach x3  
  174  11:37  Hydralisk, Roach x2  
  174  11:38  Hydralisk x2, Roach x2  
  200  11:41  Viper, Overlord  
  200  11:43  Roach  
  200  11:45  Overlord  
  193  11:59  Overlord  
  193  12:00  Hatchery  
  192  12:04  Hydralisk x4  
  192  12:05  Overlord  
  198  12:10  Hatchery  
  198  12:13  Hatchery  
  198  12:15  Overlord  
  178  12:16  Hydralisk x2, Roach x6  
  178  12:17  Hydralisk x2, Roach  
  178  12:18  Roach  
  178  12:21  Roach  
  189  12:28  Roach x3  
  189  12:29  Roach  
  180  12:30  Roach  
  180  12:33  Roach x3  
  180  12:34  Roach  
  180  12:36  Roach x2  
  163  12:37  Roach  
  163  12:39  Roach  
  159  12:45  Roach  
  159  12:50  Roach x3  
  165  12:52  Overseer  
  165  12:57  Zerg Missile Weapons Level 2  
  165  12:59  Hydralisk x3  
  165  13:02  Hydralisk  
  165  13:11  Lurker  
  165  13:12  Lurker x4  
  168  13:13  Corruptor, Hydralisk, Overlord  
  168  13:14  Overlord  
  168  13:15  Roach x2  
  168  13:16  Roach  
  178  13:21  Extractor  
  178  13:22  Spore Crawler, Spine Crawler  
  178  13:23  Drone x4  
  178  13:24  Drone  
  178  13:25  Extractor  
  178  13:26  Roach  
  181  13:28  Roach x2  
  181  13:30  Drone  
  181  13:33  Hydralisk x2  
  184  13:35  Drone x2  
  184  13:40  Roach x2  
  184  13:41  Roach  
  186  13:43  Roach x2  
  187  13:50  Roach x2  
  187  13:51  Roach x2  
  192  13:57  Overlord  
  192  13:58  Roach x2  
  192  14:00  Roach  
  189  14:03  Roach x2  
  189  14:08  Roach x2  
  177  14:10  Drone x3  
  177  14:13  Drone  
  177  14:14  Drone x2  
  179  14:23  Overlord  
  177  14:24  Drone  
  177  14:25  Drone  
  177  14:27  Overlord, Viper  
  177  14:28  Viper  
  177  14:29  Viper  
  188  14:33  Roach  
  188  14:35  Hydralisk x2  
  188  14:37  Roach  
  194  14:40  Hydralisk, Roach  
  194  14:42  Hydralisk  
  176  14:55  Hydralisk  
  176  14:56  Hydralisk  
  176  14:59  Hydralisk  
  160  15:00  Hydralisk x4  
  160  15:06  Lurker  
  162  15:08  Hydralisk x3  
  162  15:11  Overlord  
  162  15:13  Hydralisk  
  163  15:16  Overlord  
  163  15:23  Hydralisk x2  
  163  15:24  Hatchery  
  162  15:29  Overlord  
  162  15:33  Overlord, Viper x2  
  162  15:34  Viper  
  140  15:40  Hydralisk, Overlord  
  116  15:44  Drone  
  116  15:45  Drone  
  116  15:48  Drone x2  
  116  15:49  Drone  
  111  15:52  Drone  
Tags
 
Add a new tag
Caveats
  • Supply blocks, unpowered buildings, or Contaminate may cause inaccurate times.
  • Supply counts are checked every 10 seconds.